 Dungeon Crawl Stone Soup version 0.28-a0-1182-g381e24db82 (webtiles) character file.

Game seed: 13183473355469925646

315 bearlyready the Conjurer (level 6, 0/67 HPs)
             Began as a Draconian Conjurer on Dec 16, 2021.
             Slain by a lemure (6 damage)
             ... led by Pikel
             ... on level 4 of the Dungeon.
             The game lasted 00:04:45 (3738 turns).

bearlyready the Conjurer (Draconian Conjurer)       Turns: 3738, Time: 00:04:46

Health: 0/67       AC: 23    Str: 12    XL:     6   Next: 19%
Magic:  9/9        EV:  2    Int: 20    God:
Gold:   197        SH:  0    Dex:  9    Spells: 2/9 levels left

rFire   . . .      SeeInvis .   b - +2 whip (venom)
rCold   . . .      Faith    .   (no shield)
rNeg    . . .      Spirit   .   (armour unavailable)
rPois   +          Reflect  .   (helmet currently unavailable)
rElec   .          Harm     .   (cloak currently unavailable)
rCorr   .          Rampage  .   (gloves currently unavailable)
Will    .....      NoTele   +   (boots currently unavailable)
Stlth   ++........              i - amulet of the acrobat
HPRegen 0.21/turn               q - +4 ring of evasion
MPRegen 0.11/turn               (no ring)

@: tree-form
A: stationary, stasis, torment immunity, boosted hp, AC +6, unfitting armour,
(cold-blooded), strong 1
a: no special abilities


You were on level 4 of the Dungeon.
You were a tree.
You visited 1 branch of the dungeon, and saw 5 of its levels.

You collected 197 gold pieces.

Inventory:

Hand Weapons
 a - a +0 short sword
 b - a +2 whip of venom (weapon)
 h - a +2 whip of draining
Missiles
 c - 75 sling bullets
 e - 93 stones
 l - 4 javelins
 v - 2 boomerangs of dispersal
Armour
 p - a +0 kite shield
Jewellery
 i - an amulet of the acrobat (around neck)
 q - a +4 ring of evasion (left branch)
Scrolls
 g - 2 scrolls of immolation {unknown}
 j - a scroll of noise {unknown}
 k - a scroll of fear {unknown}
 o - a scroll of enchant weapon {unknown}
 s - a scroll of identify {unknown}
 t - a scroll of brand weapon {unknown}
Potions
 f - a potion of mutation
 u - a potion of might


   Skills:
 + Level 3.2 Maces & Flails
 - Level 1.7 Dodging
 - Level 1.7 Stealth
 - Level 2.0 Spellcasting
 + Level 5.9 Conjurations
 + Level 2.2 Hexes


You had 2 spell levels left.
You knew the following spells:

 Your Spells              Type           Power      Damage    Failure   Level
a - Magic Dart            Conj           100%       1d8       1%          1
b - Searing Ray           Conj           50%        2d6       1%          2
c - Fulminant Prism       Conj/Hex       9%         3d7       28%         4

Your spell library contained the following spells:

 Spells                   Type           Power      Damage    Failure   Level
 Dazzling Flash           Conj/Hex       36%        N/A       9%          3
 Portal Projectile        Hex/Tloc       12%        N/A       30%         3
 Call Canine Familiar     Summ           2%         N/A       43%         3
 Iskenderun's Mystic Bla  Conj/Tloc      13%        2d5       43%         4
 Leda's Liquefaction      Hex/Erth       3%         N/A       69%         4


Dungeon Overview and Level Annotations

Branches:
Dungeon (5/15)
 Temple: D:4-7

Altars:
Dithmenos
Makhleb
Trog
Vehumet

Annotations:
D:4 Pikel


Innate Abilities, Weirdness & Mutations

You are a tree.
Your roots penetrate the ground, keeping you stationary.
You cannot be teleported.
You are immune to unholy pain and torment.
Your maximum health is greatly increased.
Your equipment is partially melded.
((Your plain brown scales are hard. (AC +6)))
You cannot fit into any form of body armour.
((You are cold-blooded and may be slowed by cold attacks.))
Your muscles are strong. (Str +2)


Message History

You whack Pikel!
Pikel is poisoned.
Pikel is moderately wounded.
You feel less confused. The lemure hits you but does no damage.
The lemure hits you. Pikel hits you but does no damage.
You closely miss Pikel.
Pikel is moderately wounded.
The lemure hits you but does no damage. x2
Pikel says, "You'll feel the lick of my whip!"
Pikel zaps a wand.
You resist with some effort.
You barely miss Pikel.
Pikel is moderately wounded.
The lemure barely misses you. The lemure hits you but does no damage.
You closely miss Pikel.
Pikel is moderately wounded.
Pikel hits you but does no damage. The lemure hits you.
* * * LOW HITPOINT WARNING * * *
You barely miss Pikel.
Pikel is moderately wounded.
The lemure hits you but does no damage. Pikel hits you but does no damage.
The lemure hits you.
* * * LOW HITPOINT WARNING * * *
You closely miss Pikel.
Pikel is moderately wounded.
The lemure hits you but does no damage.
Pikel hits you with a +1 whip of flaming.
* * * LOW HITPOINT WARNING * * *
Pikel burns you.
* * * LOW HITPOINT WARNING * * *
The lemure hits you but does no damage.
You hit Pikel but do no damage.
Pikel looks as sick as possible!
Pikel is moderately wounded.
The lemure hits you.
* * * LOW HITPOINT WARNING * * *
Pikel hits you with a +1 whip of flaming.
* * * LOW HITPOINT WARNING * * *
Pikel burns you.
* * * LOW HITPOINT WARNING * * *
The lemure hits you.
You die...

................####.#
#<# #.....##.....# #.#
#.. ##. #..###.#### #.#
#.. #.##.. ##..##.#
####.#####..
....###5....#
#.......##.. #..#.5##.##
#.#####.##.. #.....##.#
#.# #.####
##.####55#####.# #.#
#...))K♣).....# #.#
#############.#####.####
#.........5.
##.#.#.#.### #.#.#.#.###
#.#........ #.....#.##.
#######.... #####


You could see Pikel (extremely poisoned) and 2 lemures.

Vanquished Creatures
  Menkaure (D:4)
  2 lemures
  A gnoll shaman (D:4)
  A jelly (D:3)
  4 gnolls (D:4)
  3 adders
  A worm (D:3)
  A dart slug (D:3)
  7 orcs
  3 ball pythons
  7 endoplasms
  2 giant cockroaches (D:1)
  4 goblins
  4 hobgoblins
  3 jackals (D:2)
  A quokka (D:1)
  6 bats
  4 frilled lizards
  6 kobolds
  8 rats
69 creatures vanquished.

Notes
Turn   | Place    | Note
-------+----------+-------------------------------------------
     0 | D:1      | bearlyready the Draconian Conjurer began the quest for the
                  | Orb.
     0 | D:1      | Reached XP level 1. HP: 14/14 MP: 3/3
   496 | D:1      | Reached XP level 2. HP: 19/20 MP: 5/5
   775 | D:1      | Learned a level 2 spell: Searing Ray
  1169 | D:1      | Found a faded altar of an unknown god.
  1292 | D:2      | Reached XP level 3. HP: 12/26 MP: 6/6
  1628 | D:2      | Reached skill level 1 in Maces & Flails
  1632 | D:2      | Reached skill level 5 in Conjurations
  2358 | D:3      | Reached XP level 4. HP: 33/33 MP: 7/7
  2363 | D:3      | Learned a level 4 spell: Fulminant Prism
  2460 | D:3      | Found a radiant altar of Vehumet.
  2864 | D:3      | You fall into a shaft and drop 2 floors!
  2864 | D:5      | Entered Level 5 of the Dungeon
  2892 | D:5      | Noticed a phantom
  2946 | D:4      | Noticed Menkaure
  2953 | D:4      | Killed Menkaure
  2954 | D:4      | Reached skill level 1 in Hexes
  2954 | D:4      | Reached XP level 5. HP: 29/38 MP: 0/8
  3174 | D:3      | Found a burning altar of Makhleb.
  3174 | D:3      | Found a bloodstained altar of Trog.
  3283 | D:4      | Noticed a lemure
  3283 | D:4      | Noticed a lemure
  3288 | D:4      | Reached XP level 6. HP: 29/45 MP: 3/9
  3288 | D:4      | Noticed Pikel
  3291 | D:4      | Gained mutation: You are frail. (-10% HP) [potion of
                  | mutation]
  3291 | D:4      | Lost mutation: You are frail. (-10% HP) [potion of
                  | mutation]
  3291 | D:4      | Gained mutation: Your muscles are strong. (Str +2) [potion
                  | of mutation]
  3678 | D:4      | Found a shadowy altar of Dithmenos.
  3738 | D:4      | Slain by a lemure

Illustrated notes

Levels and vault maps discovered:
D:1:      minmay_arrival_four_circles, layout_loops_ring,
          chequers_ecumenical_altar_simple
D:2:      layout_rooms, kennysheep_cluttered_room
D:3:      layout_rooms, nicolae_vehumet_altar_sigil,
          gammafunk_temple_overflow_wave
D:4:      layout_loops_cross, mainiacjoe_overflow_alcove_2,
          nicolae_dithmenos_shadow_blocks, kennysheep_generic_room_2,
          uniq_menkaure, uniq_pikel
D:5:      layout_gridville, mainiacjoe_overflow_cross_hatched,
          minmay_temple_entry_sparse_star, chequers_arboretum,
          uniq_blork_the_orc, uniq_grinder

Skill      XL: |  1  2  3  4  5 |
---------------+----------------+-----
Maces & Flails | 1 2 3 |  3.2
Conjurations   | 5 |  5.9
Hexes          | 1 2 |  2.2
Dodging        | |  1.7
Stealth        | |  1.7
Spellcasting   | |  2.0

Action                   |  1- 3 |  4- 6 || total
-------------------------+-------+-------++-------
Melee: Unarmed           |    62 |       ||    62
       Tailslap          |    12 |     7 ||    19
       Whip              |    85 |    92 ||   177
       Short sword       |     7 |       ||     7
 Cast: Searing Ray       |     2 |     6 ||     8
  Use: Scroll            |       |     1 ||     1
       Potion            |       |     6 ||     6
 Stab: Sleeping          |     3 |     2 ||     5
Armor: Skin              |    65 |    33 ||    98
Dodge: Dodged            |   121 |    90 ||   211

Table legend: (Time is in decaauts)
 A = Elapsed time spent in this place.
 B = Non-inter-level travel time spent in this place.
 C = Inter-level travel time spent in this place.
 D = Time resting spent in this place.
 E = Time spent auto-exploring this place.
 F = Levels seen in this place.
 G = Mean time per level.
                   A        B        C        D        E       F      G
               +--------+--------+--------+--------+--------+-----+--------+
         Total |   3743 |   3676 |     67 |    311 |   2605 |   5 |  748.6 |
       Dungeon |   3743 |   3676 |     67 |    311 |   2605 |   5 |  748.6 |
               +--------+--------+--------+--------+--------+-----+--------+

Top non-repeatable levels by time:
     D:1: 1243 daAuts
     D:2: 970 daAuts
     D:3: 940 daAuts
     D:4: 528 daAuts
     D:5: 60 daAuts
